 Dungeon Crawl Stone Soup version 0.31-a0-198-g2ad674f65e (webtiles) character file.

Game seed: 12848731254565197897

25 qw the Shooter (level 2, -2/16 HPs)
             Began as a Deep Elf Hunter on June 25, 2023.
             Succumbed to a goblin's poison
             ... on level 1 of the Dungeon.
             The game lasted 00:00:08 (213 turns).

qw the Shooter (Deep Elf Hunter)                     Turns: 213, Time: 00:00:09

Health: -2/16      AC:  3    Str:  8    XL:     2   Next: 86%
Magic:  4/4        EV: 12    Int: 13    God:
Gold:   29         SH:  0    Dex: 18    Spells: 1/1 levels left

rFire   . . .        a - +0 shortbow
rCold   . . .        (shield currently unavailable)
rNeg    . . .        c - +0 leather armour
rPois   .            (no helmet)
rElec   .            (no cloak)
rCorr   .            (no gloves)
SInv    .            (no boots)
Will    .....        (no amulet)
Stlth   ++           (no ring)
HPRegen 0.22/turn    (no ring)
MPRegen 0.09/turn

%: no passive effects
@: lethally poisoned (-2 -> -12)
A: no striking features
a: no special abilities


You were on level 1 of the Dungeon.
You visited 1 branch of the dungeon, and saw 1 of its levels.

You collected 29 gold pieces.


   Skills:
 - Level 1.5 Fighting
 + Level 6.5 Ranged Weapons
 - Level 2.4 Dodging
 - Level 1.2 Stealth


You had one spell level left.
You didn't know any spells.
Your spell library was empty.

Inventory:

Hand Weapons
 a - a +0 shortbow (weapon)
Armour
 c - a +0 leather armour (worn)
Jewellery
 d - a +6 ring of strength
Scrolls
 b - a scroll of butterflies
 e - a scroll of blinking {unknown}
 f - 2 scrolls of fear {unknown}

Dungeon Overview and Level Annotations

Branches:
Dungeon (1/15)

Altars:


Message History

The arrow hits the kobold but does no damage.
You hear a bark!
You shoot an arrow. The arrow closely misses the kobold.
You shoot an arrow. The arrow barely misses the kobold.
You shoot an arrow. The arrow barely misses the kobold.
You shoot an arrow. The arrow closely misses the kobold.
A jackal comes into view.
You shoot an arrow. The arrow closely misses the kobold.
The jackal barks!
The kobold closely misses you.
You shoot an arrow. The arrow hits the kobold.
The kobold is severely wounded.
The kobold hits you with a +0 club.
A hobgoblin comes into view.
A goblin comes into view. It is wielding a +2 dagger of venom.
You shoot an arrow. The arrow barely misses the kobold.
The arrow barely misses the jackal.
The arrow barely misses the goblin.
The kobold hits you with a +0 club.
You shoot an arrow.
The arrow hits the kobold but does no damage.
The kobold is severely wounded.
The kobold hits you with a +0 club. The kobold hits you but does no damage.
You shoot an arrow. The arrow hits the kobold!
You kill the kobold!
You shoot an arrow. The arrow closely misses the jackal.
The arrow hits the hobgoblin!
You kill the hobgoblin!
The jackal bites you but does no damage.
The jackal barely misses you.
You shoot an arrow. The arrow hits the jackal.
You kill the jackal!
You shoot an arrow. The arrow barely misses the goblin.
You shoot an arrow. The arrow barely misses the goblin.
The goblin hits you with a +2 dagger of venom.
You are lethally poisoned!
You shoot an arrow. The arrow hits the goblin.
You kill the goblin!
You feel very sick.
There is a lethal amount of poison in your body!
You die...

###########.#
#....@)..%...
#)....#######.#
#.#.. #. #


There were no monsters in sight!

Vanquished Creatures
  A dart slug (D:1)
  A bat (D:1)
  An endoplasm (D:1)
  2 goblins (D:1)
  3 hobgoblins (D:1)
  4 jackals (D:1)
  2 kobolds (D:1)
  3 ball pythons (D:1)
  2 frilled lizards (D:1)
  2 rats (D:1)
21 creatures vanquished.

Notes
Turn   | Place    | Note
-------+----------+-------------------------------------------
     0 | D:1      | qw the Deep Elf Hunter began the quest for the Orb.
     0 | D:1      | Reached XP level 1. HP: 12/12 MP: 3/3
     0 | D:1      | 0 ||| qw: Version: 0.3-a-22-g0ed2b0b
     0 | D:1      | 0 ||| qw: Game counter: 5180
     0 | D:1      | 0 ||| qw: Melee chars always use a shield: true
     0 | D:1      | 0 ||| qw: God list: Okawaru
     0 | D:1      | 0 ||| qw: Allow faded altars: false
     0 | D:1      | 0 ||| qw: Do Orc after clearing Dungeon:15 true
     0 | D:1      | 0 ||| qw: Do second Lair branch before Depths: true
     0 | D:1      | 0 ||| qw: Lair rune preference: random
     0 | D:1      | 0 ||| qw: Goals: Normal
     0 | D:1      | 0 ||| PLANNING D:1-11
    47 | D:1      | Reached XP level 2. HP: 16/16 MP: 4/4
    55 | D:1      | Reached skill level 6 in Ranged Weapons
   212 | D:1      | HP: 1/16 [poisoned by a goblin]
   213 | D:1      | Succumbed to a goblin's poison

Levels and vault maps discovered:
D:1:      nzn_arrival_water_spiral, layout_basic,
          dreamdust_ecumenical_altar_angels_and_demons, moated_statue,
          minmay_misc_feat_cross, chequers_mini_garden

Skill      XL: |  1  2 |
---------------+-------+-----
Ranged Weapons | 6 |  6.5
Fighting       | |  1.5
Dodging        | |  2.4
Stealth        | |  1.2

Action                     || total
---------------------------++-------
   Fire: Shortbow          ||    43
 Armour: Leather armour    ||     2
  Dodge: Dodged            ||     4

Table legend:
 A = Non-vault XP
 B = Vault XP
 C = Vault XP percentage of total XP
 D = Non-vault monster count
 E = Vault monster count
 F = Vault count percentage of total count
                 A         B        C        D         E       F
            +---------+---------+-------+---------+---------+-------
      Total |      37 |       0 |   0.0 |      21 |       0 |   0.0
            +---------+---------+-------+---------+---------+-------
        D:1 |      37 |       0 |   0.0 |      21 |       0 |   0.0
            +---------+---------+-------+---------+---------+-------
